cohdb
Replays
Latest Replays
All Replays
Popular Replays
Top Player Replays
Match Explorer
How It Works
Community
CoH3 Stats
Reddit
Sign in to upload your games and track your stats! →
Sign in with Steam
Match 43029748
Unlisted
Match 43029748
Overview
Messages
Build Orders
End
Construct Section Command Post
Vickers Machine Gun Team
Dingo Light Scout Car
Infantry Section
Infantry Section
Construct Platoon Command Post
CMP 15cwt Truck
Unlock M3 Stuart Light Tanks
M3 Stuart Light Tank
Selects Heavy Armor Battlegroup
Selects Rigorous Vehicle Training
Selects Forward Repair Assembly
6-pounder Anti-tank Gun Team
Grenade Package
Infantry Section
M3 Stuart Light Tank
Infantry Section
Construct Company Command Post
Crusader II Medium Tank
Royal Engineer Section
Crusader II Medium Tank
Royal Engineer Section
Crusader II Medium Tank
Selects Churchill Black Prince Heavy Tank
Churchill Black Prince Heavy Tank
Armored Vehicle Training
Infantry Training
Selects Light Vehicle Withdraw and Refit
Selects Radio Net
Radio Net
ggbilli
SMash [FOXES]
AliReZaHBk
P o o y a
King Raptor
SHELDONATOR
Jebać Lola
abo walid
0
0
Comments
sign in to comment!
No comments posted yet!